[ AOE2 MATCH · #476706311 ]
UnrankedPoles vs Lithuanians
[ REPLAY ANALYSIS · EXTRACTED FROM THE RECORDED GAME ]
Feudal
14:57
Castle
18:52
Imperial
42:51
| APM avg | 27.8 |
| APM peak | 74 |
| eAPM avg | 16.9 |
| Villagers / military | 97 / 102 |
Focus
⚔️ 29.0% · 🌾 71.0%
Knight ×96 · Fishing Ship ×6 · Trebuchet (Packed) ×4 · Scout Cavalry ×2
Feudal
12:38
Castle
19:26
Imperial
36:10
| APM avg | 40.6 |
| APM peak | 76 |
| eAPM avg | 25.6 |
| Villagers / military | 158 / 149 |
Focus
⚔️ 28.3% · 🌾 71.7%
Knight ×88 · Skirmisher ×44 · Fishing Ship ×22 · Monk ×9 · Galley ×8
Feudal
11:59
Castle
18:24
Imperial
35:18
| APM avg | 56.7 |
| APM peak | 113 |
| eAPM avg | 22.7 |
| Villagers / military | 73 / 57 |
Focus
⚔️ 23.9% · 🌾 76.1%
Mangudai ×48 · Fishing Ship ×9 · Trebuchet (Packed) ×5 · Monk ×2 · Unknown (2626) ×2 · Galley ×1
Feudal
13:45
Castle
17:27
Imperial
—
| APM avg | 31.1 |
| APM peak | 70 |
| eAPM avg | 18.2 |
| Villagers / military | 86 / 87 |
Focus
⚔️ 37.7% · 🌾 62.3%
Spearman ×71 · Huskarl ×10 · Fishing Ship ×9 · Battering Ram ×5 · Trade Cart ×2 · Mangonel ×1
Feudal
14:51
Castle
19:36
Imperial
39:56
| APM avg | 28.0 |
| APM peak | 53 |
| eAPM avg | 15.8 |
| Villagers / military | 119 / 66 |
Focus
⚔️ 27.8% · 🌾 72.2%
Janissary ×60 · Fishing Ship ×5 · Bombard Cannon ×5 · Demolition Raft ×1
Feudal
13:39
Castle
18:07
Imperial
33:14
| APM avg | 45.4 |
| APM peak | 89 |
| eAPM avg | 21.9 |
| Villagers / military | 176 / 200 |
Focus
⚔️ 26.6% · 🌾 73.4%
Knight ×71 · Tarkan ×57 · Scout Cavalry ×38 · Cavalry Archer ×25 · Fishing Ship ×16 · Trebuchet (Packed) ×4
Match map
Initial resources + every placement click. Lines = walls · curves = elevation contours. ◆ gold · ⬟ stone · ● berries · ✦ relic · ◌ wall gap
Your base· Open — unwalled flank
[KOF] alexisosunag's base· Open — unwalled flank
No soy 2k porque no quiero's base· Open — 8t gap
JR | Cerbs98's base· Open — unwalled flank
ELGRANKUSKING's base· Open — 5t gap
Legonas's base· Open — unwalled flank
Smoothed initial terrain · ◌ = detected wall gap · hover for details
Inputs per minute
— JR | Original Poringo - - [KOF] alexisosunag
Build order — JR | Original Poringo
First 150 of 309 actions detected
| 0:34 | Build | Dock |
| 0:47 | Build | Town Center |
| 3:00 | Create | Villager (Male) |
| 3:00 | Create | Villager (Male) |
| 3:01 | Create | Villager (Male) |
| 3:01 | Create | Villager (Male) |
| 3:25 | Research | Loom |
| 3:29 | Build | House |
| 3:40 | Create | Villager (Male) |
| 3:40 | Create | Villager (Male) |
| 3:41 | Create | Villager (Male) |
| 3:41 | Create | Villager (Male) |
| 4:34 | Create | Fishing Ship |
| 5:08 | Create | Villager (Male) |
| 5:15 | Build | House |
| 5:52 | Create | Villager (Male) |
| 6:14 | Create | Fishing Ship |
| 6:22 | Create | Villager (Male) |
| 6:35 | Create | Fishing Ship |
| 6:56 | Create | Villager (Male) |
| 7:16 | Build | House |
| 7:24 | Create | Villager (Male) |
| 7:31 | Create | Fishing Ship |
| 7:57 | Build | House |
| 8:02 | Create | Villager (Male) |
| 8:23 | Create | Villager (Male) |
| 8:38 | Create | Villager (Male) |
| 8:42 | Create | Fishing Ship |
| 9:05 | Create | Villager (Male) |
| 9:09 | Create | Fishing Ship |
| 9:38 | Create | Villager (Male) |
| 9:56 | Create | Villager (Male) |
| 10:25 | Build | Mill |
| 10:27 | Create | Villager (Male) |
| 10:41 | Build | House |
| 10:54 | Create | Villager (Male) |
| 11:17 | Create | Villager (Male) |
| 11:17 | Create | Villager (Male) |
| 11:18 | Create | Villager (Male) |
| 11:49 | Build | Mining Camp |
| 11:53 | Build | Mining Camp |
| 12:28 | Research | Feudal Age |
| 13:04 | Create | Villager (Male) |
| 13:05 | Create | Villager (Male) |
| 13:32 | Build | Mill |
| 13:42 | Build | House |
| 13:48 | Create | Villager (Male) |
| 14:57 | Age | Feudal Age |
| 15:05 | Build | Market |
| 15:10 | Build | Blacksmith |
| 15:24 | Build | Palisade Wall |
| 16:12 | Research | Castle Age |
| 16:20 | Build | Lumber Camp |
| 16:28 | Build | Palisade Gate |
| 17:07 | Research | Double-Bit Axe |
| 17:24 | Build | Barracks |
| 17:27 | Research | Scale Barding Armor |
| 17:34 | Create | Villager (Male) |
| 18:12 | Create | Villager (Male) |
| 18:22 | Research | Forging |
| 18:35 | Build | Stable |
| 18:52 | Age | Castle Age |
| 19:07 | Create | Villager (Male) |
| 19:22 | Build | Mill |
| 19:31 | Build | Castle |
| 19:46 | Create | Villager (Male) |
| 19:51 | Research | Bloodlines |
| 20:17 | Build | Mining Camp |
| 20:30 | Build | Palisade Wall |
| 20:32 | Build | Palisade Wall |
| 20:33 | Build | Palisade Wall |
| 20:37 | Create | Villager (Male) |
| 20:55 | Research | Szlachta Privileges |
| 20:58 | Create | Villager (Male) |
| 21:28 | Create | Villager (Male) |
| 21:54 | Create | Villager (Male) |
| 21:59 | Create | Knight |
| 22:00 | Create | Knight |
| 22:14 | Create | Villager (Male) |
| 22:20 | Create | Knight |
| 22:36 | Research | Forging |
| 22:50 | Research | Chain Barding Armor |
| 22:53 | Create | Knight |
| 22:57 | Build | Farm |
| 23:02 | Create | Villager (Male) |
| 23:22 | Build | Farm |
| 23:26 | Create | Knight |
| 23:28 | Create | Villager (Male) |
| 23:37 | Build | Farm |
| 23:47 | Build | Farm |
| 23:48 | Build | Farm |
| 23:48 | Build | Farm |
| 23:49 | Build | Farm |
| 23:49 | Build | Farm |
| 23:49 | Build | Farm |
| 23:55 | Create | Villager (Male) |
| 24:03 | Create | Knight |
| 24:10 | Research | Bow Saw |
| 24:13 | Create | Villager (Male) |
| 24:19 | Create | Knight |
| 24:35 | Create | Villager (Male) |
| 25:23 | Build | Farm |
| 25:23 | Build | Farm |
| 25:23 | Build | Farm |
| 25:24 | Build | Farm |
| 25:24 | Build | Farm |
| 25:26 | Create | Villager (Male) |
| 25:27 | Create | Villager (Male) |
| 25:27 | Create | Villager (Male) |
| 25:34 | Create | Knight |
| 25:34 | Create | Knight |
| 25:48 | Build | Farm |
| 26:46 | Create | Villager (Male) |
| 26:46 | Create | Villager (Male) |
| 27:08 | Build | Mill |
| 27:13 | Build | Farm |
| 27:14 | Create | Villager (Male) |
| 27:14 | Create | Villager (Male) |
| 27:21 | Build | Lumber Camp |
| 27:37 | Build | Stable |
| 27:42 | Create | Knight |
| 27:42 | Create | Knight |
| 27:43 | Create | Knight |
| 27:45 | Research | Forging |
| 27:54 | Build | Farm |
| 27:54 | Build | Farm |
| 27:55 | Build | Farm |
| 27:55 | Build | Farm |
| 27:56 | Build | Farm |
| 28:03 | Create | Villager (Male) |
| 28:04 | Build | Farm |
| 28:09 | Research | Horse Collar |
| 28:09 | Research | Horse Collar |
| 28:12 | Create | Knight |
| 28:13 | Create | Knight |
| 28:13 | Create | Knight |
| 28:30 | Build | Stable |
| 28:41 | Build | Lumber Camp |
| 28:49 | Create | Knight |
| 28:51 | Create | Villager (Male) |
| 28:58 | Build | Farm |
| 29:06 | Research | Husbandry |
| 29:07 | Build | House |
| 29:15 | Create | Knight |
| 29:23 | Create | Knight |
| 29:23 | Create | Knight |
| 29:28 | Build | House |
| 29:29 | Build | House |
| 29:34 | Create | Villager (Male) |
| 29:52 | Create | Knight |
Build order — [KOF] alexisosunag
First 150 of 422 actions detected
| 0:29 | Build | Town Center |
| 0:47 | Build | House |
| 1:24 | Build | Dock |
| 2:17 | Build | Palisade Wall |
| 2:19 | Build | Palisade Wall |
| 2:44 | Create | Villager (Male) |
| 2:45 | Create | Villager (Male) |
| 2:45 | Create | Villager (Male) |
| 2:45 | Create | Villager (Male) |
| 2:45 | Create | Villager (Male) |
| 2:46 | Create | Villager (Male) |
| 2:46 | Create | Villager (Male) |
| 3:56 | Create | Fishing Ship |
| 3:56 | Create | Fishing Ship |
| 4:14 | Create | Villager (Male) |
| 4:34 | Build | House |
| 5:13 | Create | Fishing Ship |
| 5:14 | Create | Fishing Ship |
| 5:28 | Create | Villager (Male) |
| 5:28 | Create | Villager (Male) |
| 5:44 | Build | House |
| 6:10 | Create | Villager (Male) |
| 6:10 | Create | Villager (Male) |
| 6:24 | Create | Fishing Ship |
| 6:24 | Create | Fishing Ship |
| 6:27 | Create | Villager (Male) |
| 6:27 | Create | Villager (Male) |
| 6:50 | Create | Villager (Male) |
| 6:50 | Create | Villager (Male) |
| 6:50 | Create | Villager (Male) |
| 7:00 | Create | Fishing Ship |
| 7:00 | Create | Fishing Ship |
| 7:07 | Build | House |
| 7:17 | Create | Villager (Male) |
| 7:17 | Create | Villager (Male) |
| 7:51 | Create | Villager (Male) |
| 7:58 | Create | Fishing Ship |
| 8:31 | Create | Villager (Male) |
| 8:43 | Build | House |
| 8:53 | Create | Villager (Male) |
| 9:21 | Build | Dock |
| 9:25 | Research | Loom |
| 9:40 | Create | Villager (Male) |
| 9:58 | Build | Lumber Camp |
| 10:08 | Build | House |
| 10:24 | Build | House |
| 10:28 | Research | Feudal Age |
| 10:28 | Research | Feudal Age |
| 10:45 | Build | House |
| 11:08 | Build | Mining Camp |
| 11:17 | Create | Fishing Ship |
| 11:17 | Create | Fishing Ship |
| 11:20 | Create | Fishing Ship |
| 11:25 | Build | House |
| 11:38 | Build | Palisade Wall |
| 11:57 | Create | Villager (Male) |
| 12:19 | Create | Villager (Male) |
| 12:38 | Age | Feudal Age |
| 12:39 | Build | Mill |
| 12:43 | Create | Galley |
| 12:43 | Create | Galley |
| 12:50 | Create | Galley |
| 12:50 | Create | Galley |
| 13:05 | Create | Villager (Male) |
| 13:12 | Research | Double-Bit Axe |
| 13:13 | Research | Double-Bit Axe |
| 13:39 | Create | Villager (Male) |
| 14:11 | Create | Galley |
| 14:11 | Create | Galley |
| 14:15 | Create | Villager (Male) |
| 14:29 | Create | Villager (Male) |
| 14:43 | Build | House |
| 14:47 | Build | House |
| 14:53 | Build | Blacksmith |
| 15:19 | Create | Galley |
| 15:19 | Create | Galley |
| 15:24 | Research | Fletching |
| 15:25 | Create | Villager (Male) |
| 15:25 | Create | Villager (Male) |
| 15:33 | Build | Palisade Wall |
| 15:35 | Build | Palisade Wall |
| 15:37 | Build | Palisade Wall |
| 15:39 | Build | Palisade Wall |
| 15:40 | Build | Palisade Wall |
| 15:45 | Build | Palisade Wall |
| 15:50 | Create | Villager (Male) |
| 16:03 | Build | Market |
| 16:18 | Build | House |
| 16:43 | Research | Castle Age |
| 16:43 | Research | Castle Age |
| 16:45 | Research | Gold Mining |
| 16:52 | Research | Horse Collar |
| 17:23 | Build | Dock |
| 17:27 | Build | House |
| 18:01 | Create | Villager (Male) |
| 18:04 | Build | Barracks |
| 18:28 | Create | Villager (Male) |
| 18:41 | Create | Villager (Male) |
| 18:44 | Research | Forging |
| 18:45 | Research | Scale Barding Armor |
| 19:17 | Build | House |
| 19:26 | Age | Castle Age |
| 19:32 | Research | War Galley (upgrade) |
| 19:33 | Create | Villager (Male) |
| 19:36 | Build | Town Center |
| 19:38 | Research | Bow Saw |
| 19:38 | Research | Bow Saw |
| 19:43 | Create | Fishing Ship |
| 19:43 | Create | Fishing Ship |
| 19:43 | Create | Fishing Ship |
| 19:51 | Build | House |
| 20:24 | Create | Villager (Male) |
| 20:36 | Build | Town Center |
| 20:54 | Research | Tech 906 |
| 20:55 | Create | Fishing Ship |
| 20:55 | Create | Fishing Ship |
| 21:29 | Create | Villager (Male) |
| 21:38 | Build | Monastery |
| 21:44 | Create | Villager (Male) |
| 21:44 | Create | Villager (Male) |
| 21:45 | Create | Villager (Male) |
| 21:45 | Create | Villager (Male) |
| 21:45 | Create | Villager (Male) |
| 21:47 | Build | Farm |
| 21:48 | Build | Farm |
| 21:48 | Build | Farm |
| 21:48 | Build | Farm |
| 21:48 | Build | Farm |
| 21:51 | Create | Villager (Male) |
| 21:51 | Create | Villager (Male) |
| 21:51 | Create | Villager (Male) |
| 22:07 | Build | Farm |
| 22:08 | Build | Farm |
| 22:09 | Create | Villager (Male) |
| 22:10 | Create | Villager (Male) |
| 22:25 | Create | Monk |
| 22:34 | Build | Stable |
| 22:38 | Create | Villager (Male) |
| 22:38 | Create | Villager (Male) |
| 22:38 | Create | Villager (Male) |
| 22:38 | Create | Villager (Male) |
| 22:38 | Create | Villager (Male) |
| 22:39 | Create | Villager (Male) |
| 22:39 | Create | Villager (Male) |
| 22:39 | Create | Villager (Male) |
| 22:46 | Research | Wheelbarrow |
| 22:50 | Build | Farm |
| 22:53 | Build | Farm |
| 23:03 | Create | Fishing Ship |
| 23:03 | Create | Fishing Ship |
Build order — No soy 2k porque no quiero
First 150 of 243 actions detected
| 0:02 | Build | Town Center |
| 1:23 | Build | Palisade Wall |
| 1:32 | Build | Palisade Wall |
| 1:36 | Build | Palisade Wall |
| 1:39 | Build | Palisade Wall |
| 1:40 | Build | Palisade Wall |
| 1:43 | Build | Palisade Wall |
| 1:45 | Build | Palisade Wall |
| 2:26 | Create | Villager (Male) ×4 |
| 2:33 | Build | Dock |
| 2:36 | Build | House |
| 3:59 | Create | Fishing Ship |
| 4:11 | Research | Loom |
| 4:16 | Build | Palisade Wall |
| 4:32 | Build | House |
| 4:49 | Create | Fishing Ship |
| 5:14 | Build | House |
| 5:25 | Create | Fishing Ship |
| 5:35 | Create | Villager (Male) |
| 6:01 | Build | House |
| 6:04 | Create | Villager (Male) |
| 6:04 | Create | Villager (Male) |
| 6:04 | Create | Villager (Male) |
| 6:46 | Create | Villager (Male) |
| 6:49 | Build | House |
| 7:13 | Create | Villager (Male) |
| 7:23 | Create | Fishing Ship |
| 7:24 | Create | Fishing Ship |
| 7:27 | Create | Villager (Male) |
| 7:47 | Create | Villager (Male) |
| 7:47 | Create | Villager (Male) |
| 7:47 | Create | Villager (Male) |
| 8:05 | Create | Villager (Male) |
| 8:12 | Create | Villager (Male) |
| 8:17 | Create | Fishing Ship |
| 8:28 | Build | House |
| 9:15 | Build | Lumber Camp |
| 9:49 | Research | Feudal Age |
| 9:49 | Research | Feudal Age |
| 9:55 | Build | House |
| 10:12 | Create | Villager (Male) |
| 10:38 | Create | Fishing Ship |
| 11:12 | Build | Mining Camp |
| 11:42 | Build | House |
| 11:47 | Build | House |
| 11:51 | Build | House |
| 11:59 | Age | Feudal Age |
| 11:59 | Create | Villager (Male) |
| 12:00 | Create | Unit 2626 |
| 12:06 | Build | House |
| 12:11 | Research | Double-Bit Axe |
| 12:15 | Create | Villager (Male) |
| 12:22 | Build | House |
| 13:17 | Create | Galley |
| 13:21 | Create | Villager (Male) |
| 13:30 | Build | Mill |
| 13:48 | Create | Villager (Male) |
| 13:53 | Build | Blacksmith |
| 13:55 | Build | House |
| 14:20 | Create | Villager (Male) |
| 14:35 | Create | Villager (Male) |
| 14:52 | Build | House |
| 15:13 | Build | Market |
| 15:16 | Create | Villager (Male) |
| 15:44 | Research | Castle Age |
| 15:55 | Build | Mining Camp |
| 17:11 | Research | Stone Mining |
| 17:11 | Research | Stone Mining |
| 17:13 | Research | Gold Mining |
| 17:18 | Create | Unit 2626 |
| 17:20 | Create | Villager (Male) |
| 18:24 | Age | Castle Age |
| 18:26 | Build | Dock |
| 18:27 | Create | Villager (Male) |
| 18:50 | Build | Castle |
| 19:23 | Create | Villager (Male) |
| 19:35 | Research | Fletching |
| 19:36 | Research | Fletching |
| 19:57 | Create | Villager (Male) |
| 20:00 | Create | Mangudai |
| 20:01 | Create | Mangudai |
| 20:10 | Research | Bodkin Arrow |
| 20:16 | Build | House |
| 20:18 | Create | Fishing Ship |
| 20:21 | Create | Mangudai |
| 20:24 | Create | Villager (Male) |
| 20:48 | Create | Mangudai |
| 21:31 | Build | House |
| 21:32 | Create | Mangudai |
| 21:40 | Build | University |
| 21:44 | Create | Villager (Male) |
| 21:52 | Build | House |
| 21:54 | Create | Mangudai |
| 22:17 | Create | Villager (Male) |
| 22:33 | Create | Villager (Male) |
| 22:38 | Research | Ballistics |
| 23:13 | Create | Mangudai |
| 23:13 | Create | Mangudai |
| 23:21 | Create | Villager (Male) |
| 23:22 | Create | Villager (Male) |
| 23:45 | Create | Mangudai |
| 24:09 | Build | Town Center |
| 24:22 | Create | Villager (Male) |
| 24:50 | Create | Villager (Male) |
| 25:20 | Build | Mill |
| 25:22 | Create | Villager (Male) |
| 25:40 | Build | Monastery |
| 26:20 | Create | Mangudai |
| 26:29 | Create | Mangudai |
| 26:33 | Create | Villager (Male) |
| 26:36 | Create | Villager (Male) |
| 26:47 | Create | Mangudai |
| 26:48 | Create | Villager (Male) |
| 26:48 | Create | Villager (Male) |
| 26:51 | Create | Monk |
| 26:52 | Create | Villager (Male) |
| 27:12 | Create | Mangudai |
| 27:24 | Create | Mangudai |
| 27:44 | Create | Mangudai |
| 28:04 | Create | Villager (Male) |
| 28:08 | Create | Villager (Male) |
| 28:08 | Create | Villager (Male) |
| 28:08 | Create | Villager (Male) |
| 28:21 | Create | Villager (Male) |
| 28:21 | Create | Villager (Male) |
| 28:45 | Build | Castle |
| 28:57 | Create | Villager (Male) |
| 29:21 | Create | Villager (Male) |
| 29:32 | Create | Fishing Ship |
| 30:06 | Create | Villager (Male) |
| 30:06 | Create | Villager (Male) |
| 30:21 | Create | Villager (Male) |
| 30:38 | Build | Dock |
| 30:43 | Create | Villager (Male) |
| 30:45 | Build | Farm |
| 30:46 | Build | Farm |
| 30:53 | Build | Mining Camp |
| 30:59 | Create | Villager (Male) |
| 31:05 | Build | Farm |
| 31:57 | Create | Monk |
| 32:00 | Create | Mangudai |
| 32:01 | Create | Mangudai |
| 32:08 | Research | Imperial Age |
| 32:08 | Research | Imperial Age |
| 32:28 | Create | Mangudai |
| 32:36 | Create | Mangudai |
| 32:37 | Create | Villager (Male) |
| 32:38 | Create | Villager (Male) |
| 32:50 | Build | Farm |
| 32:50 | Build | Farm |
Build order — JR | Cerbs98
First 150 of 289 actions detected
| 0:23 | Build | Town Center |
| 1:45 | Build | Dock |
| 1:47 | Build | House |
| 2:43 | Create | Villager (Male) |
| 2:43 | Create | Villager (Male) |
| 2:43 | Create | Villager (Male) |
| 2:44 | Create | Villager (Male) |
| 3:46 | Create | Fishing Ship |
| 4:22 | Build | House |
| 4:40 | Research | Loom |
| 5:08 | Create | Villager (Male) |
| 5:09 | Create | Villager (Male) |
| 5:10 | Create | Fishing Ship |
| 5:10 | Create | Fishing Ship |
| 5:36 | Create | Villager (Male) |
| 5:57 | Create | Fishing Ship |
| 5:57 | Create | Fishing Ship |
| 5:57 | Create | Fishing Ship |
| 6:04 | Create | Villager (Male) |
| 6:04 | Create | Villager (Male) |
| 6:28 | Create | Villager (Male) |
| 6:29 | Create | Villager (Male) |
| 6:34 | Build | House |
| 6:44 | Create | Villager (Male) |
| 6:44 | Create | Villager (Male) |
| 6:57 | Create | Fishing Ship |
| 7:17 | Create | Villager (Male) |
| 7:17 | Create | Villager (Male) |
| 7:40 | Create | Villager (Male) |
| 7:52 | Build | House |
| 7:59 | Create | Fishing Ship |
| 8:03 | Create | Villager (Male) |
| 8:28 | Create | Villager (Male) |
| 8:34 | Create | Fishing Ship |
| 8:57 | Build | House |
| 9:00 | Create | Villager (Male) |
| 9:18 | Create | Villager (Male) |
| 9:50 | Create | Villager (Male) |
| 10:17 | Create | Villager (Male) |
| 10:40 | Create | Villager (Male) |
| 10:47 | Build | Mining Camp |
| 11:10 | Create | Villager (Male) |
| 11:23 | Build | House |
| 11:33 | Research | Feudal Age |
| 12:22 | Build | Mill |
| 12:42 | Build | House |
| 13:10 | Build | Mining Camp |
| 13:45 | Age | Feudal Age |
| 13:49 | Create | Villager (Male) |
| 13:52 | Build | Market |
| 13:56 | Build | Blacksmith |
| 14:10 | Build | Dock |
| 14:16 | Create | Villager (Male) |
| 14:47 | Research | Castle Age |
| 14:47 | Research | Castle Age |
| 14:47 | Research | Castle Age |
| 15:06 | Build | Outpost |
| 15:26 | Build | Lumber Camp |
| 15:50 | Build | Outpost |
| 16:05 | Build | House |
| 16:41 | Build | Outpost |
| 16:46 | Build | House |
| 16:53 | Research | Double-Bit Axe |
| 16:56 | Research | Horse Collar |
| 17:07 | Build | Outpost |
| 17:27 | Age | Castle Age |
| 17:31 | Research | Town Watch |
| 17:42 | Build | House |
| 17:56 | Build | Castle |
| 18:02 | Create | Villager (Male) |
| 18:04 | Create | Villager (Male) |
| 18:35 | Create | Villager (Male) |
| 18:45 | Build | Farm |
| 18:47 | Build | Farm |
| 18:48 | Build | Farm |
| 18:53 | Build | Farm |
| 18:54 | Create | Villager (Male) |
| 18:58 | Build | Farm |
| 19:12 | Create | Villager (Male) |
| 19:29 | Research | Town Patrol |
| 19:32 | Create | Villager (Male) |
| 19:42 | Build | Farm |
| 19:45 | Create | Villager (Male) |
| 19:56 | Create | Huskarl |
| 20:18 | Research | Forging |
| 20:21 | Create | Huskarl |
| 20:21 | Create | Huskarl |
| 20:42 | Build | Farm |
| 20:43 | Create | Villager (Male) |
| 20:54 | Create | Huskarl |
| 20:55 | Create | Huskarl |
| 21:02 | Build | Town Center |
| 21:15 | Create | Huskarl |
| 21:15 | Create | Huskarl |
| 21:24 | Build | Barracks |
| 21:30 | Research | Scale Mail Armor |
| 21:30 | Research | Scale Mail Armor |
| 21:30 | Research | Scale Mail Armor |
| 21:41 | Create | Huskarl |
| 22:26 | Research | Pikeman (upgrade) |
| 22:26 | Research | Pikeman (upgrade) |
| 22:28 | Create | Villager (Male) |
| 22:32 | Build | Barracks |
| 22:56 | Create | Villager (Male) |
| 23:15 | Create | Villager (Male) |
| 23:18 | Research | Chain Mail Armor |
| 23:43 | Create | Villager (Male) |
| 23:46 | Create | Spearman |
| 23:47 | Create | Spearman |
| 23:47 | Create | Spearman |
| 24:22 | Create | Spearman |
| 24:23 | Create | Spearman |
| 24:23 | Create | Spearman |
| 24:37 | Create | Spearman |
| 24:38 | Create | Spearman |
| 24:38 | Create | Spearman |
| 24:53 | Build | House |
| 24:57 | Build | House |
| 25:03 | Create | Villager (Male) |
| 25:12 | Create | Spearman |
| 25:23 | Create | Villager (Male) |
| 25:28 | Build | Town Center |
| 25:34 | Create | Spearman |
| 25:35 | Create | Spearman |
| 25:36 | Create | Spearman |
| 25:36 | Create | Spearman |
| 25:44 | Create | Huskarl |
| 25:45 | Create | Huskarl |
| 26:14 | Create | Villager (Male) |
| 26:16 | Create | Villager (Male) |
| 26:21 | Create | Spearman |
| 26:21 | Create | Spearman |
| 26:21 | Create | Spearman |
| 27:11 | Build | Siege Workshop |
| 27:14 | Create | Trade Cart |
| 27:14 | Create | Trade Cart |
| 27:24 | Build | House |
| 27:29 | Create | Villager (Male) |
| 27:36 | Create | Villager (Male) |
| 27:42 | Create | Battering Ram |
| 27:43 | Create | Battering Ram |
| 27:58 | Build | Farm |
| 28:00 | Create | Villager (Male) |
| 28:04 | Build | Lumber Camp |
| 28:26 | Build | House |
| 28:27 | Create | Villager (Male) |
| 28:33 | Create | Villager (Male) |
| 28:36 | Build | Farm |
| 28:42 | Create | Villager (Male) |
| 28:57 | Build | Farm |
Build order — ELGRANKUSKING
First 150 of 299 actions detected
| 0:09 | Build | Town Center |
| 0:24 | Build | House |
| 1:04 | Build | Dock |
| 1:26 | Build | Palisade Wall |
| 1:47 | Build | Palisade Wall |
| 2:00 | Build | Palisade Wall |
| 2:27 | Research | Loom |
| 2:40 | Create | Villager (Male) ×4 |
| 3:02 | Build | House |
| 3:06 | Build | Palisade Wall |
| 4:51 | Create | Fishing Ship |
| 5:26 | Create | Villager (Male) |
| 5:27 | Create | Villager (Male) |
| 5:56 | Create | Villager (Male) |
| 5:56 | Create | Villager (Male) |
| 5:56 | Create | Villager (Male) |
| 6:23 | Create | Villager (Male) |
| 6:24 | Create | Villager (Male) |
| 6:24 | Create | Villager (Male) |
| 6:39 | Build | House |
| 6:44 | Create | Villager (Male) |
| 6:44 | Create | Villager (Male) |
| 6:44 | Create | Villager (Male) |
| 7:14 | Create | Villager (Male) |
| 7:14 | Create | Villager (Male) |
| 7:23 | Create | Villager (Male) |
| 7:23 | Create | Villager (Male) |
| 7:57 | Create | Villager (Male) |
| 7:57 | Create | Villager (Male) |
| 7:58 | Create | Villager (Male) |
| 7:58 | Create | Villager (Male) |
| 7:58 | Create | Villager (Male) |
| 8:01 | Create | Fishing Ship |
| 8:22 | Create | Villager (Male) |
| 8:22 | Create | Villager (Male) |
| 8:52 | Build | House |
| 8:57 | Create | Villager (Male) |
| 8:57 | Create | Villager (Male) |
| 8:57 | Create | Villager (Male) |
| 8:58 | Create | Villager (Male) |
| 9:22 | Create | Fishing Ship |
| 9:31 | Create | Fishing Ship |
| 9:31 | Create | Fishing Ship |
| 9:53 | Create | Villager (Male) |
| 10:47 | Build | House |
| 10:52 | Create | Villager (Male) |
| 11:02 | Build | Mill |
| 11:26 | Create | Villager (Male) |
| 11:26 | Create | Villager (Male) |
| 11:47 | Build | Mill |
| 11:53 | Create | Villager (Male) |
| 12:23 | Build | Mining Camp |
| 12:25 | Research | Feudal Age |
| 13:18 | Build | House |
| 13:22 | Build | Outpost |
| 14:11 | Create | Villager (Male) |
| 14:11 | Create | Villager (Male) |
| 14:51 | Age | Feudal Age |
| 14:55 | Research | Town Watch |
| 15:01 | Build | Market |
| 15:26 | Build | Mining Camp |
| 15:43 | Create | Villager (Male) |
| 15:46 | Build | Blacksmith |
| 16:06 | Create | Villager (Male) |
| 16:40 | Create | Demolition Raft |
| 16:47 | Build | Mining Camp |
| 16:53 | Research | Castle Age |
| 17:16 | Build | Lumber Camp |
| 18:07 | Research | Double-Bit Axe |
| 18:47 | Research | Horse Collar |
| 19:36 | Age | Castle Age |
| 19:41 | Create | Villager (Male) |
| 19:42 | Create | Villager (Male) |
| 19:55 | Build | Outpost |
| 20:01 | Research | Bow Saw |
| 20:13 | Build | Outpost |
| 20:22 | Create | Villager (Male) |
| 20:30 | Build | Outpost |
| 20:39 | Create | Villager (Male) |
| 20:51 | Build | Outpost |
| 21:42 | Build | Castle |
| 21:53 | Create | Villager (Male) |
| 21:53 | Create | Villager (Male) |
| 22:00 | Build | Town Center |
| 22:14 | Create | Villager (Male) |
| 22:14 | Create | Villager (Male) |
| 22:19 | Build | House |
| 22:23 | Build | House |
| 22:27 | Build | House |
| 22:38 | Create | Villager (Male) |
| 22:41 | Build | House |
| 22:53 | Create | Villager (Male) |
| 22:54 | Create | Villager (Male) |
| 23:07 | Create | Janissary |
| 23:08 | Create | Janissary |
| 23:19 | Build | Lumber Camp |
| 23:22 | Build | Farm |
| 23:23 | Build | Farm |
| 23:24 | Build | Farm |
| 23:26 | Build | Farm |
| 23:27 | Build | Farm |
| 23:29 | Build | Farm |
| 23:31 | Build | Farm |
| 23:32 | Build | Farm |
| 23:35 | Create | Villager (Male) |
| 23:38 | Create | Janissary |
| 23:45 | Create | Villager (Male) |
| 23:47 | Build | Farm |
| 24:04 | Build | Farm |
| 24:21 | Create | Janissary |
| 24:26 | Build | Farm |
| 24:30 | Build | Farm |
| 24:38 | Build | Farm |
| 24:44 | Create | Janissary |
| 24:47 | Create | Villager (Male) |
| 24:47 | Create | Villager (Male) |
| 24:48 | Create | Villager (Male) |
| 25:09 | Create | Janissary |
| 25:10 | Create | Janissary |
| 25:23 | Create | Villager (Male) |
| 25:35 | Create | Janissary |
| 25:59 | Research | Fletching |
| 26:14 | Create | Villager (Male) |
| 26:30 | Build | Town Center |
| 26:38 | Create | Janissary |
| 26:38 | Create | Janissary |
| 26:38 | Create | Villager (Male) |
| 26:39 | Create | Villager (Male) |
| 26:50 | Build | Farm |
| 26:52 | Build | Farm |
| 26:52 | Build | Farm |
| 26:53 | Build | Farm |
| 26:54 | Build | Farm |
| 26:58 | Build | Farm |
| 27:34 | Create | Janissary |
| 27:42 | Research | Wheelbarrow |
| 27:44 | Build | Farm |
| 27:45 | Build | Farm |
| 27:45 | Build | Farm |
| 27:50 | Build | Farm |
| 27:50 | Build | Farm |
| 27:51 | Build | Farm |
| 27:51 | Build | Farm |
| 27:52 | Build | Farm |
| 28:00 | Create | Janissary |
| 28:11 | Create | Villager (Male) |
| 28:13 | Create | Villager (Male) |
| 28:20 | Create | Villager (Male) |
| 28:20 | Create | Villager (Male) |
| 28:42 | Build | Town Center |
Build order — Legonas
First 150 of 453 actions detected
| 0:16 | Build | Town Center |
| 2:41 | Create | Villager (Male) |
| 2:41 | Create | Villager (Male) |
| 2:42 | Create | Villager (Male) |
| 2:42 | Create | Villager (Male) |
| 3:43 | Build | Dock |
| 4:18 | Research | Loom |
| 4:30 | Create | Fishing Ship |
| 5:10 | Create | Villager (Male) |
| 5:34 | Create | Fishing Ship |
| 5:55 | Create | Villager (Male) |
| 5:55 | Create | Villager (Male) |
| 5:57 | Create | Villager (Male) |
| 5:58 | Create | Villager (Male) |
| 6:19 | Create | Villager (Male) |
| 6:19 | Create | Villager (Male) |
| 6:41 | Create | Villager (Male) |
| 6:41 | Create | Villager (Male) |
| 6:42 | Create | Fishing Ship |
| 7:12 | Create | Villager (Male) |
| 7:12 | Create | Villager (Male) |
| 7:20 | Create | Villager (Male) |
| 7:20 | Create | Villager (Male) |
| 8:04 | Create | Villager (Male) |
| 8:05 | Create | Villager (Male) |
| 8:07 | Create | Fishing Ship |
| 8:30 | Create | Fishing Ship |
| 8:30 | Create | Fishing Ship |
| 8:55 | Create | Villager (Male) |
| 8:55 | Create | Villager (Male) |
| 8:56 | Create | Fishing Ship |
| 8:56 | Create | Fishing Ship |
| 9:15 | Create | Villager (Male) |
| 9:15 | Create | Villager (Male) |
| 9:15 | Create | Villager (Male) |
| 9:16 | Create | Villager (Male) |
| 9:16 | Create | Villager (Male) |
| 9:35 | Build | Mill |
| 10:01 | Create | Fishing Ship |
| 10:02 | Create | Villager (Male) |
| 10:03 | Create | Villager (Male) |
| 10:33 | Create | Fishing Ship |
| 10:52 | Create | Fishing Ship |
| 11:29 | Research | Feudal Age |
| 11:29 | Research | Feudal Age |
| 11:51 | Build | Mining Camp |
| 12:24 | Create | Villager (Male) |
| 12:24 | Create | Villager (Male) |
| 12:24 | Create | Villager (Male) |
| 13:12 | Create | Fishing Ship |
| 13:39 | Age | Feudal Age |
| 13:41 | Build | Market |
| 13:44 | Build | Blacksmith |
| 14:07 | Create | Fishing Ship |
| 14:46 | Create | Villager (Male) |
| 15:25 | Build | Mining Camp |
| 15:27 | Research | Castle Age |
| 16:01 | Create | Fishing Ship |
| 16:23 | Build | Dock |
| 16:38 | Research | Gold Mining |
| 16:47 | Build | Lumber Camp |
| 16:50 | Create | Villager (Male) |
| 16:50 | Create | Villager (Male) |
| 16:50 | Create | Villager (Male) |
| 17:21 | Research | Double-Bit Axe |
| 17:21 | Research | Double-Bit Axe |
| 18:07 | Age | Castle Age |
| 18:20 | Build | Castle |
| 18:25 | Research | Bow Saw |
| 18:28 | Create | Villager (Male) |
| 18:28 | Create | Villager (Male) |
| 18:29 | Create | Villager (Male) |
| 18:47 | Research | Scale Barding Armor |
| 18:56 | Create | Villager (Male) |
| 18:56 | Create | Villager (Male) |
| 18:57 | Create | Villager (Male) |
| 19:21 | Create | Villager (Male) |
| 19:31 | Create | Tarkan |
| 19:32 | Create | Tarkan |
| 19:41 | Create | Villager (Male) |
| 19:45 | Create | Tarkan |
| 19:45 | Create | Tarkan |
| 19:45 | Create | Tarkan |
| 20:13 | Build | Town Center |
| 20:14 | Create | Villager (Male) |
| 20:14 | Create | Villager (Male) |
| 20:15 | Create | Villager (Male) |
| 20:20 | Create | Fishing Ship |
| 20:24 | Create | Fishing Ship |
| 20:31 | Create | Tarkan |
| 20:31 | Create | Tarkan |
| 20:31 | Create | Tarkan |
| 20:31 | Create | Tarkan |
| 20:37 | Build | Farm |
| 20:39 | Build | Farm |
| 20:49 | Create | Tarkan |
| 21:16 | Create | Villager (Male) |
| 21:21 | Build | Farm |
| 21:21 | Build | Farm |
| 21:21 | Build | Farm |
| 21:21 | Build | Farm |
| 21:21 | Build | Farm |
| 21:37 | Build | Town Center |
| 21:39 | Create | Villager (Male) |
| 21:46 | Build | Fish Trap |
| 21:48 | Create | Villager (Male) |
| 21:48 | Create | Villager (Male) |
| 21:53 | Create | Villager (Male) |
| 21:54 | Create | Tarkan |
| 21:54 | Create | Tarkan |
| 22:15 | Research | Forging |
| 22:40 | Create | Villager (Male) |
| 22:40 | Create | Villager (Male) |
| 22:41 | Create | Villager (Male) |
| 22:41 | Create | Villager (Male) |
| 22:41 | Create | Villager (Male) |
| 22:50 | Build | Fish Trap |
| 22:51 | Build | Fish Trap |
| 22:51 | Build | Fish Trap |
| 22:52 | Create | Villager (Male) |
| 22:52 | Create | Villager (Male) |
| 23:00 | Create | Tarkan |
| 23:00 | Create | Tarkan |
| 23:00 | Create | Tarkan |
| 23:00 | Create | Tarkan |
| 23:29 | Create | Tarkan |
| 23:30 | Create | Tarkan |
| 23:30 | Create | Tarkan |
| 23:39 | Create | Villager (Male) |
| 23:39 | Create | Villager (Male) |
| 23:41 | Build | Farm |
| 23:41 | Build | Farm |
| 23:42 | Build | Farm |
| 23:42 | Build | Farm |
| 23:42 | Build | Farm |
| 23:42 | Build | Farm |
| 24:04 | Build | Outpost |
| 24:06 | Create | Villager (Male) |
| 24:06 | Create | Villager (Male) |
| 24:08 | Build | Farm |
| 24:14 | Build | Siege Workshop |
| 24:24 | Create | Tarkan |
| 24:24 | Create | Tarkan |
| 24:43 | Create | Villager (Male) |
| 24:43 | Create | Villager (Male) |
| 24:43 | Create | Villager (Male) |
| 24:47 | Build | Farm |
| 24:47 | Build | Farm |
| 24:47 | Build | Farm |
| 24:47 | Build | Farm |
Match timeline
| 0:34 | JR | Original Poringo · first_building Dock |
| 1:04 | ELGRANKUSKING · first_building Dock |
| 1:23 | No soy 2k porque no quiero · wall_segment Palisade Wall x1 |
| 1:24 | [KOF] alexisosunag · first_building Dock |
| 1:26 | ELGRANKUSKING · wall_segment Palisade Wall x1 |
| 1:32 | No soy 2k porque no quiero · wall_segment Palisade Wall x1 |
| 1:36 | No soy 2k porque no quiero · wall_segment Palisade Wall x1 |
| 1:39 | No soy 2k porque no quiero · wall_segment Palisade Wall x1 |
| 1:40 | No soy 2k porque no quiero · wall_segment Palisade Wall x1 |
| 1:43 | No soy 2k porque no quiero · wall_segment Palisade Wall x1 |
| 1:45 | No soy 2k porque no quiero · wall_segment Palisade Wall x1 |
| 1:45 | JR | Cerbs98 · first_building Dock |
| 1:47 | ELGRANKUSKING · wall_segment Palisade Wall x1 |
| 2:00 | ELGRANKUSKING · wall_segment Palisade Wall x1 |
| 2:17 | [KOF] alexisosunag · wall_segment Palisade Wall x1 |
| 2:19 | [KOF] alexisosunag · wall_segment Palisade Wall x1 |
| 2:33 | No soy 2k porque no quiero · first_building Dock |
| 3:06 | ELGRANKUSKING · wall_segment Palisade Wall x1 |
| 3:43 | Legonas · first_building Dock |
| 4:16 | No soy 2k porque no quiero · wall_segment Palisade Wall x1 |
| 11:38 | [KOF] alexisosunag · wall_segment Palisade Wall x1 |
| 11:59 | No soy 2k porque no quiero · age_up feudal |
| 12:38 | [KOF] alexisosunag · age_up feudal |
| 13:39 | Legonas · age_up feudal |
| 13:45 | JR | Cerbs98 · age_up feudal |
| 14:41 | Legonas · first_market_sell 100 wood |
| 14:51 | ELGRANKUSKING · age_up feudal |
| 14:57 | JR | Original Poringo · age_up feudal |
| 15:24 | JR | Original Poringo · wall_segment Palisade Wall x8 |
| 15:33 | [KOF] alexisosunag · wall_segment Palisade Wall x1 |
| 15:35 | [KOF] alexisosunag · wall_segment Palisade Wall x1 |
| 15:37 | [KOF] alexisosunag · wall_segment Palisade Wall x1 |
| 15:39 | [KOF] alexisosunag · wall_segment Palisade Wall x1 |
| 15:40 | [KOF] alexisosunag · wall_segment Palisade Wall x1 |
| 15:45 | [KOF] alexisosunag · wall_segment Palisade Wall x1 |
| 17:13 | JR | Original Poringo · first_market_buy 100 wood |
| 17:24 | JR | Original Poringo · first_building Barracks |
| 17:25 | JR | Cerbs98 · first_market_buy 100 stone |
| 17:27 | JR | Cerbs98 · age_up castle |
| 17:56 | JR | Cerbs98 · first_building Castle |
| 18:04 | [KOF] alexisosunag · first_building Barracks |
| 18:06 | Legonas · first_market_buy 100 stone |
| 18:07 | Legonas · age_up castle |
| 18:20 | Legonas · first_building Castle |
| 18:24 | No soy 2k porque no quiero · age_up castle |
| 18:35 | JR | Original Poringo · first_building Stable |
| 18:50 | No soy 2k porque no quiero · first_building Castle |
| 18:52 | JR | Original Poringo · age_up castle |
| 19:26 | [KOF] alexisosunag · age_up castle |
| 19:31 | JR | Original Poringo · first_building Castle |
| 19:36 | ELGRANKUSKING · age_up castle |
| 20:27 | [KOF] alexisosunag · first_market_buy 100 food |
| 20:30 | JR | Original Poringo · wall_segment Palisade Wall x1 |
| 20:32 | JR | Original Poringo · wall_segment Palisade Wall x1 |
| 20:33 | JR | Original Poringo · wall_segment Palisade Wall x1 |
| 20:49 | JR | Original Poringo · first_market_sell 100 wood |
| 21:24 | JR | Cerbs98 · first_building Barracks |
| 21:38 | [KOF] alexisosunag · first_building Monastery |
| 21:42 | ELGRANKUSKING · first_building Castle |
| 21:56 | ELGRANKUSKING · first_market_buy 100 stone |
| 22:34 | [KOF] alexisosunag · first_building Stable |
| 24:14 | Legonas · first_building Siege Workshop |
| 25:40 | No soy 2k porque no quiero · first_building Monastery |
| 27:11 | JR | Cerbs98 · first_building Siege Workshop |
| 30:24 | [KOF] alexisosunag · wall_segment Palisade Wall x11 |
| 31:18 | Legonas · first_building Monastery |
| 31:59 | [KOF] alexisosunag · first_market_sell 100 stone |
| 32:03 | No soy 2k porque no quiero · first_market_sell 100 stone |
| 32:04 | No soy 2k porque no quiero · first_market_buy 100 food |
| 33:03 | No soy 2k porque no quiero · first_building Barracks |
| 33:14 | Legonas · age_up imperial |
| 34:08 | [KOF] alexisosunag · first_building Castle |
| 34:17 | [KOF] alexisosunag · first_building Archery Range |
| 34:25 | [KOF] alexisosunag · wall_segment Palisade Wall x1 |
| 34:38 | No soy 2k porque no quiero · first_building Stable |
| 35:18 | No soy 2k porque no quiero · age_up imperial |
| 35:40 | Legonas · first_building Barracks |
| 36:10 | [KOF] alexisosunag · age_up imperial |
| 36:31 | Legonas · first_building Stable |
| 38:51 | ELGRANKUSKING · first_building Siege Workshop |
| 39:56 | ELGRANKUSKING · age_up imperial |
| 40:09 | No soy 2k porque no quiero · first_building Archery Range |
| 42:08 | Legonas · first_building Archery Range |
| 42:47 | ELGRANKUSKING · wall_segment Stone Wall x1 |
| 42:51 | JR | Original Poringo · age_up imperial |
| 42:54 | ELGRANKUSKING · wall_segment Stone Wall x1 |
| 42:56 | ELGRANKUSKING · wall_segment Stone Wall x1 |
| 42:58 | ELGRANKUSKING · wall_segment Stone Wall x1 |
| 42:59 | ELGRANKUSKING · wall_segment Stone Wall x1 |
| 44:53 | JR | Cerbs98 · resign |
[ AI ANALYSIS · 1 CREDIT ]
What really happened in this match?
Wolo.gg analyzes every decision: build order, eco, micro, common mistakes by bracket. Personalized analysis on WhatsApp or Discord in 30 seconds.
Civ guide
Poles
Perfil
Jugador #2136490